Map: Deathaura LE

Players

Silky

  • Race: Zerg Zerg
  • Spawn Location: 11:00

Scarlett - Winner!

  • Race: Zerg Zerg
  • Spawn Location: 5:00

Event: DreamHack SC2 Masters 2020 Fall

VOD

Have the link to the VOD?

Description

Time

  • Played on: Sept. 11, 2020, 6:37 p.m.
  • Length: 9:01

All games in this series

Show
View Real Time Build Order
Export as new Build Order

Silky Zerg 

Build Orders: Hatch First 

Get SALT Encoding   

  12  0:00  Drone  
  13  0:12  Overlord  
  13  0:18  Drone  
  14  0:31  Drone x2  
  16  0:48  Hatchery  
  15  0:52  Drone  
  15  0:56  Drone  
  17  0:58  Drone  
  18  1:10  Extractor  
  17  1:13  Spawning Pool  
  17  1:17  Drone  
  17  1:20  Drone  
  18  1:29  Drone  
  19  1:39  Drone  
  20  1:49  Overlord  
  20  2:00  Queen x2  
  20  2:01  Drone x2  
  26  2:09  Metabolic Boost  
  26  2:11  Drone x2  
  28  2:23  Drone, Zergling x2  
  30  2:33  Hatchery  
  30  2:37  Drone  
  30  2:39  Drone  
  32  2:44  Drone x2  
  32  2:50  Baneling Nest  
  32  2:54  Overlord  
  32  2:58  Overlord  
  32  3:05  Drone x2  
  34  3:09  Drone  
  34  3:11  Evolution Chamber  
  34  3:14  Drone x2, Zergling x2  
  34  3:15  Drone  
  38  3:22  Drone x2  
  39  3:27  Zergling x2  
  39  3:29  Queen  
  39  3:33  Baneling x2  
  42  3:35  Zergling x2  
  42  3:38  Overlord  
  43  3:45  Queen  
  43  3:46  Drone  
  46  3:48  Drone  
  46  3:49  Drone  
  46  3:50  Drone  
  49  3:59  Drone x5  
  49  4:02  Zergling x2  
  55  4:03  Baneling  
  55  4:05  Overlord  
  55  4:11  Baneling  
  55  4:17  Evolution Chamber  
  55  4:19  Overlord  
  55  4:22  Queen  
  55  4:24  Zerg Ground Armor Level 1  
  55  4:27  Zergling x4  
  55  4:42  Zergling x2  
  55  4:43  Zergling x14  
  60  4:49  Drone x6  
  60  4:50  Overlord  
  65  4:59  Overlord  
  65  5:07  Drone  
  65  5:10  Drone  
  65  5:11  Drone x4  
  65  5:12  Roach Warren  
  72  5:15  Drone x2  
  72  5:20  Drone  
  74  5:21  Zerg Missile Weapons Level 1  
  74  5:25  Extractor  
  74  5:26  Drone x2, Extractor  
  74  5:28  Drone x3, Extractor  
  71  5:29  Extractor  
  71  5:31  Drone  
  71  5:32  Drone x2  
  71  5:33  Drone  
  71  5:34  Drone  
  78  5:38  Drone  
  78  5:41  Overlord  
  78  5:42  Lair  
  78  5:43  Drone  
  78  5:44  Drone x2  
  82  5:50  Drone  
  82  5:51  Overlord  
  82  5:52  Overlord  
  82  5:58  Overlord  
  81  6:05  Drone x2  
  81  6:06  Roach x3  
  81  6:09  Overlord x2, Hatchery  
  81  6:11  Roach x5  
  97  6:19  Roach  
  97  6:22  Overlord  
  97  6:25  Roach x2  
  101  6:31  Roach x6  
  113  6:33  Overlord  
  113  6:34  Roach  
  115  6:43  Roach x4  
  115  6:44  Spine Crawler x2  
  115  6:46  Roach  
  122  6:48  Overlord  
  122  6:50  Glial Reconstitution  
  119  7:02  Overlord  
  119  7:10  Roach  
  119  7:11  Roach x7  
  135  7:21  Overlord  
  135  7:23  Drone x5  
  140  7:32  Roach x2  
  140  7:33  Roach, Overlord  
  140  7:34  Overseer  
  147  7:37  Ravager, Overlord  
  147  7:40  Overlord  
  147  7:41  Roach x2  
  147  7:42  Roach  
  153  7:44  Overlord  
  153  7:46  Overlord  
  157  7:51  Roach x4  
  157  7:59  Roach x2  
  157  8:00  Roach x2, Overlord  
  157  8:02  Roach x2  
  167  8:08  Roach x3  
  167  8:12  Roach x2  
  165  8:13  Roach x2  
  165  8:19  Roach x2  
  169  8:23  Ravager  
  169  8:24  Roach  
  163  8:31  Roach x3  
Show
View Real Time Build Order
Export as new Build Order

Scarlett Zerg - Winner!

Build Orders: Hatch First 

Get SALT Encoding   

  12  0:00  Drone  
  13  0:12  Overlord  
  13  0:16  Drone  
  14  0:30  Drone x2  
  16  0:46  Hatchery  
  15  0:50  Drone  
  15  0:53  Drone  
  15  0:56  Drone  
  18  1:05  Extractor  
  17  1:12  Spawning Pool  
  17  1:15  Drone  
  17  1:18  Drone  
  18  1:27  Drone  
  19  1:38  Drone  
  20  1:49  Drone  
  21  1:57  Evolution Chamber  
  21  1:58  Drone, Queen x2  
  21  2:00  Drone  
  26  2:10  Overlord  
  26  2:11  Drone  
  27  2:20  Drone  
  28  2:25  Zerg Ground Armor Level 1  
  28  2:29  Drone  
  29  2:30  Drone  
  29  2:34  Queen  
  32  2:40  Overlord  
  32  2:41  Drone  
  33  2:48  Drone  
  34  2:56  Queen  
  36  3:01  Drone  
  36  3:02  Drone, Metabolic Boost  
  38  3:06  Drone  
  38  3:07  Drone x2  
  38  3:11  Zergling x4  
  43  3:14  Overlord  
  43  3:22  Drone  
  43  3:25  Overlord  
  44  3:35  Drone x2  
  44  3:37  Zergling x6  
  49  3:42  Hatchery  
  49  3:47  Drone  
  49  3:48  Zergling x6  
  52  4:00  Zergling x4  
  54  4:05  Lair  
  54  4:06  Drone x3  
  54  4:07  Roach Warren  
  56  4:12  Extractor  
  56  4:13  Extractor  
  56  4:16  Drone x2, Overlord  
  56  4:21  Drone x3  
  59  4:27  Drone  
  59  4:28  Zerg Missile Weapons Level 1  
  59  4:31  Extractor  
  59  4:38  Drone x4  
  58  4:45  Drone  
  58  4:46  Drone  
  58  4:51  Roach x3, Overlord  
  64  4:54  Overlord  
  63  5:01  Overlord  
  63  5:03  Drone x4  
  63  5:05  Roach x2  
  71  5:08  Glial Reconstitution  
  71  5:13  Roach  
  73  5:17  Roach x2  
  81  5:21  Roach x2  
  81  5:27  Roach  
  83  5:32  Drone x4  
  83  5:33  Drone  
  83  5:34  Overlord  
  88  5:36  Roach x2  
  88  5:37  Extractor  
  88  5:40  Overseer  
  88  5:41  Overlord  
  91  5:43  Roach  
  91  5:47  Drone  
  91  5:48  Drone x2  
  96  5:54  Extractor  
  96  5:55  Drone x5  
  100  6:02  Drone x6  
  100  6:03  Drone  
  107  6:12  Overlord x2  
  107  6:18  Roach x3  
  113  6:25  Zerg Missile Weapons Level 2, Hatchery  
  112  6:29  Roach  
  112  6:31  Overlord x2  
  112  6:32  Roach  
  115  6:34  Roach x2  
  115  6:38  Roach  
  115  6:39  Roach  
  123  6:46  Roach x3  
  129  6:58  Overlord x4  
  129  6:59  Pneumatized Carapace  
  128  7:07  Roach x8  
  144  7:10  Overlord x2  
  145  7:15  Ravager  
  145  7:16  Ravager  
  145  7:17  Ravager  
  145  7:18  Ravager x2  
  145  7:19  Roach, Ravager  
  145  7:20  Roach x3  
  158  7:26  Roach x4  
  166  7:30  Roach x3  
  166  7:33  Roach  
  166  7:35  Ravager x3  
  177  7:39  Roach x3  
  183  7:45  Roach x3  
  183  7:46  Overseer  
  189  7:55  Roach x3  
  189  7:56  Roach x2  
  199  8:19  Roach  
  189  8:35  Roach  
  189  8:36  Roach x5  

Tags
 
Add a new tag
Caveats
  • Supply blocks, unpowered buildings, or Contaminate may cause inaccurate times.
  • Supply counts are checked every 10 seconds.